| TOP OF THE 1ST |
|
Kelowna Heat batting - Pitching for Roswell Invaders : RHP Mamadou Morand
|
|
Pitching: RHP Mamadou Morand
|
|
|
Batting: RHB Mike Storey
|
0-0: Swinging Strike 0-1: Foul Ball, location: 2F 0-2: Ball 1-2: Ground out 6-3 (Groundball, 56, EV 85.0 MPH)
|
|
Batting: SHB Michael Woodard
|
0-0: Called Strike 0-1: Ball 1-1: Swinging Strike 1-2: Ball 2-2: Fly out, F9 (Flyball, 9D, EV 98.1 MPH)
|
|
Batting: LHB Alex Larangho
|
0-0: Called Strike 0-1: Foul Ball, location: 2F 0-2: Foul Ball, location: 2F 0-2: Strikes out looking
|
| Top of the 1st over - 0 runs, 0 hits, 0 errors, 0 left on base; Kelowna 0 - Roswell 0 |
| BOTTOM OF THE 1ST |
|
Roswell Invaders batting - Pitching for Kelowna Heat : RHP Eric McBryde
|
|
Pitching: RHP Eric McBryde
|
|
|
Batting: LHB Julio Zamora
|
0-0: Called Strike 0-1: SOLO HOME RUN (Flyball, 9D, EV 99.4 MPH), Distance : 393 ft
|
|
Batting: LHB Josh Snyder
|
0-0: Ball 1-0: Ball 2-0: Ball 3-0: Called Strike 3-1: SINGLE (Groundball, 6MD, EV 101.2 MPH)
|
|
Batting: RHB Juan Mejia
|
0-0: Called Strike 0-1: Ball 1-1: Called Strike 1-2: 2-RUN HOME RUN (Flyball, 7LD, EV 94.4 MPH), Distance : 341 ft
|
|
Batting: LHB Ivan Cortez
|
0-0: Ball 1-0: Ball 2-0: Reached on error, E5 (Groundball, 56, EV 81.9 MPH)
|
|
Batting: RHB Benjie Alejandro
|
0-0: Ball Ivan Cortez steals 2nd base 1-0: Foul Ball, location: 2F 1-1: Swinging Strike 1-2: Ground out U3 (Groundball, 34, EV 102.5 MPH) Ivan Cortez to third
|
|
Batting: RHB T.J. House
|
0-0: Fly out, F8 (Line Drive, 8RD, EV 93.8 MPH) Runner from 3rd tags up, SCORES, throw by CF
|
|
Batting: LHB Andy Fischer
|
0-0: Ball 1-0: Ball 2-0: Fly out, F8 (Flyball, 8RD, EV 95.0 MPH)
|
| Bottom of the 1st over - 4 runs, 3 hits, 1 error, 0 left on base; Kelowna 0 - Roswell 4 |
| TOP OF THE 2ND |
|
Kelowna Heat batting - Pitching for Roswell Invaders : RHP Mamadou Morand
|
|
Batting: RHB Joey Black
|
0-0: Foul Ball, location: 2F 0-1: Foul Ball, location: 2F 0-2: Ball 1-2: Foul Ball, location: 2F 1-2: Hit by Pitch
|
|
Batting: RHB Soichi Kaneshiro
|
0-0: Ball 1-0: Foul Ball, location: 2F 1-1: SINGLE (Groundball, 4MD, EV 99.4 MPH) Joey Black to second
|
|
Batting: RHB Sean Gilbert
|
0-0: Swinging Strike 0-1: Ball 1-1: Foul Ball, location: 2F 1-2: Strikes out swinging
|
|
Batting: LHB Willy Berrios
|
0-0: Called Strike 0-1: Ball 1-1: Ball 2-1: Foul Ball, location: 2F 2-2: Ball 3-2: Fielders Choice at 2nd, 6-4 (Groundball, 6M, EV 81.9 MPH) Joey Black to third
|
|
Batting: RHB Glen Limeburner
|
0-0: Ball 1-0: Ball 2-0: Foul Ball, location: 2F 2-1: Foul Ball, location: 2F 2-2: Ball 3-2: Foul Ball, location: 2F 3-2: Foul Ball, location: 2F 3-2: Foul Ball, location: 2F 3-2: Strikes out looking
|
| Top of the 2nd over - 0 runs, 1 hit, 0 errors, 2 left on base; Kelowna 0 - Roswell 4 |
| BOTTOM OF THE 2ND |
|
Roswell Invaders batting - Pitching for Kelowna Heat : RHP Eric McBryde
|
|
Batting: LHB Andrew Moore
|
0-0: Ball 1-0: Ball 2-0: Called Strike 2-1: Ball 3-1: Called Strike 3-2: Base on Balls
|
|
Batting: RHB Cullen Kelley
|
0-0: Foul Ball, location: 2F 0-1: Ball 1-1: Foul Ball, location: 2F 1-2: Foul Ball, location: 2F 1-2: Fly out, F9 (Flyball, 9LSF, EV 85.6 MPH)
|
|
Batting: LHB Julio Zamora
|
0-0: Grounds into double play, U6-3 (Groundball, 4M, EV 80.0 MPH)
|
| Bottom of the 2nd over - 0 runs, 0 hits, 0 errors, 0 left on base; Kelowna 0 - Roswell 4 |
| TOP OF THE 3RD |
|
Kelowna Heat batting - Pitching for Roswell Invaders : RHP Mamadou Morand
|
|
Batting: RHB Joe Nelson
|
0-0: Ground out 4-3 (Groundball, 4, EV 91.9 MPH)
|
|
Batting: RHB Mike Storey
|
0-0: Ball 1-0: Called Strike 1-1: Called Strike 1-2: Strikes out swinging
|
|
Batting: SHB Michael Woodard
|
0-0: Ball 1-0: Called Strike 1-1: Ball 2-1: Ball 3-1: Called Strike 3-2: Strikes out swinging
|
| Top of the 3rd over - 0 runs, 0 hits, 0 errors, 0 left on base; Kelowna 0 - Roswell 4 |
| BOTTOM OF THE 3RD |
|
Roswell Invaders batting - Pitching for Kelowna Heat : RHP Eric McBryde
|
|
Batting: LHB Josh Snyder
|
0-0: Swinging Strike 0-1: Foul Ball, location: 2F 0-2: Ball 1-2: Fly out, F8 (Flyball, 8RD, EV 96.2 MPH)
|
|
Batting: RHB Juan Mejia
|
0-0: Swinging Strike 0-1: Called Strike 0-2: Foul Ball, location: 2F 0-2: Ball 1-2: Ball 2-2: Ball 3-2: Foul Ball, location: 2F 3-2: Foul Ball, location: 2F 3-2: Strikes out swinging
|
|
Batting: LHB Ivan Cortez
|
0-0: SOLO HOME RUN (Flyball, 9D, EV 98.1 MPH), Distance : 381 ft
|
|
Batting: RHB Benjie Alejandro
|
0-0: Foul Ball, location: 2F 0-1: Ground out 4-3 (Groundball, 34, EV 92.5 MPH)
|
| Bottom of the 3rd over - 1 run, 1 hit, 0 errors, 0 left on base; Kelowna 0 - Roswell 5 |
| TOP OF THE 4TH |
|
Kelowna Heat batting - Pitching for Roswell Invaders : RHP Mamadou Morand
|
|
Batting: LHB Alex Larangho
|
0-0: Called Strike 0-1: Ball 1-1: Foul Ball, location: 2F 1-2: Foul Ball, location: 2F 1-2: Strikes out swinging
|
|
Batting: RHB Joey Black
|
0-0: Ball 1-0: Swinging Strike 1-1: Foul Ball, location: 2F 1-2: Strikes out looking
|
|
Batting: RHB Soichi Kaneshiro
|
0-0: Ball 1-0: Ball 2-0: Foul Ball, location: 2F 2-1: Ground out 6-3 (Groundball, 6, EV 80.0 MPH)
|
| Top of the 4th over - 0 runs, 0 hits, 0 errors, 0 left on base; Kelowna 0 - Roswell 5 |
| BOTTOM OF THE 4TH |
|
Roswell Invaders batting - Pitching for Kelowna Heat : RHP Eric McBryde
|
|
Batting: RHB T.J. House
|
0-0: Ball 1-0: Called Strike 1-1: Foul Ball, location: 2F 1-2: Strikes out looking
|
|
Batting: LHB Andy Fischer
|
0-0: Fly out, F9 (Flyball, 9, EV 94.4 MPH)
|
|
Batting: LHB Andrew Moore
|
0-0: Called Strike 0-1: Called Strike 0-2: SINGLE (Groundball, 34D, EV 94.4 MPH)
|
|
Batting: RHB Cullen Kelley
|
0-0: Foul Ball, location: 2F 0-1: Ball 1-1: Ball 2-1: DOUBLE (Line Drive, 89XD, EV 106.2 MPH) Andrew Moore to third Runner from 3rd tries for Home, SAFE, throw by CF to trailing runner, OUT at third! 8-3-5
|
| Bottom of the 4th over - 1 run, 2 hits, 0 errors, 0 left on base; Kelowna 0 - Roswell 6 |
| TOP OF THE 5TH |
|
Kelowna Heat batting - Pitching for Roswell Invaders : RHP Mamadou Morand
|
|
Batting: RHB Sean Gilbert
|
0-0: Ball 1-0: Ball 2-0: Ball 3-0: Base on Balls
|
|
Batting: LHB Willy Berrios
|
0-0: Ball 1-0: Called Strike Sean Gilbert steals 2nd base 1-1: Ball 2-1: Foul Ball, location: 2F 2-2: Foul Ball, location: 2F 2-2: Ball 3-2: DOUBLE (Line Drive, 7LM, EV 113.1 MPH) Sean Gilbert scores
|
|
Batting: RHB Glen Limeburner
|
0-0: Called Strike 0-1: Ball 1-1: Ball 2-1: Foul Ball, location: 2F 2-2: Foul Ball, location: 2F 2-2: Strikes out looking
|
|
Batting: RHB Joe Nelson
|
0-0: Ball Willy Berrios is caught stealing 3rd base 2-5 1-0: Swinging Strike 1-1: Foul Ball, location: 2F 1-2: Ball 2-2: Strikes out swinging
|
| Top of the 5th over - 1 run, 1 hit, 0 errors, 0 left on base; Kelowna 1 - Roswell 6 |
| BOTTOM OF THE 5TH |
|
Roswell Invaders batting - Pitching for Kelowna Heat : RHP Eric McBryde
|
|
Batting: LHB Julio Zamora
|
0-0: Called Strike 0-1: Ball 1-1: Swinging Strike 1-2: Ball 2-2: Ball 3-2: Strikes out looking
|
|
Batting: LHB Josh Snyder
|
0-0: Ball 1-0: Ball 2-0: Fly out, F6 (Line Drive, 6, EV 71.2 MPH)
|
|
Batting: RHB Juan Mejia
|
0-0: Ball 1-0: Ball 2-0: Foul Ball, location: 2F 2-1: Ground out 2-3 (Groundball, 13S, EV 70.6 MPH)
|
| Bottom of the 5th over - 0 runs, 0 hits, 0 errors, 0 left on base; Kelowna 1 - Roswell 6 |
| TOP OF THE 6TH |
|
Kelowna Heat batting - Pitching for Roswell Invaders : RHP Mamadou Morand
|
|
Batting: RHB Mike Storey
|
0-0: Called Strike 0-1: Ball 1-1: Called Strike 1-2: Ball 2-2: Ball 3-2: Base on Balls
|
|
Batting: SHB Michael Woodard
|
0-0: Ball 1-0: Ball 2-0: Fly out, F7 (Flyball, 7S, EV 88.1 MPH)
|
|
Batting: LHB Alex Larangho
|
0-0: Foul Ball, location: 2F 0-1: Ball 1-1: Foul Ball, location: 2F 1-2: Ball 2-2: Ball 3-2: Foul Ball, location: 2F 3-2: SINGLE (Flyball, 56D, EV 88.8 MPH) Mike Storey to second
|
|
Pitching: RHP Shane Meier
|
|
|
Batting: RHB Joey Black
|
0-0: Foul Ball, location: 2F 0-1: DOUBLE (Line Drive, 9LM, EV 96.9 MPH) Mike Storey scores Alex Larangho to third Runner from 3rd tries for Home, SAFE, throw by RF to home
|
|
Batting: RHB Soichi Kaneshiro
|
0-0: Ground out 5-3 (Groundball, 56, EV 108.1 MPH)
|
|
Batting: RHB Sean Gilbert
|
0-0: Ball 1-0: Swinging Strike 1-1: Foul Ball, location: 2F 1-2: Fly out, F7 (Line Drive, 7, EV 109.4 MPH)
|
| Top of the 6th over - 2 runs, 2 hits, 0 errors, 1 left on base; Kelowna 3 - Roswell 6 |
| BOTTOM OF THE 6TH |
|
Roswell Invaders batting - Pitching for Kelowna Heat : RHP Eric McBryde
|
|
Pitching: RHP Newt Reid
|
|
|
Batting: LHB Ivan Cortez
|
0-0: Ball 1-0: Swinging Strike 1-1: Ball 2-1: Foul Ball, location: 2F 2-2: Fly out, F5 (Popup, 56D, EV 54.4 MPH)
|
|
Batting: RHB Benjie Alejandro
|
0-0: Ball 1-0: Called Strike 1-1: Fly out, F9 (Line Drive, 9, EV 90.0 MPH)
|
|
Batting: RHB T.J. House
|
0-0: Ball 1-0: Fly out, F5 (Popup, 5F, EV 64.4 MPH)
|
| Bottom of the 6th over - 0 runs, 0 hits, 0 errors, 0 left on base; Kelowna 3 - Roswell 6 |
| TOP OF THE 7TH |
|
Kelowna Heat batting - Pitching for Roswell Invaders : RHP Shane Meier
|
|
Batting: LHB Willy Berrios
|
0-0: Called Strike 0-1: Ball 1-1: Swinging Strike 1-2: Strikes out swinging
|
|
Batting: RHB Glen Limeburner
|
0-0: Ball 1-0: Foul Ball, location: 2F 1-1: Swinging Strike 1-2: Ball 2-2: Foul Ball, location: 2F 2-2: Ground out 2-3 (Groundball, 13S, EV 63.1 MPH)
|
|
Batting: RHB Joe Nelson
|
0-0: Ball 1-0: Called Strike 1-1: Ball 2-1: Called Strike 2-2: SINGLE (Line Drive, 4MD, EV 96.2 MPH)
|
|
Batting: RHB Mike Storey
|
0-0: Ball 1-0: Ball 2-0: Ball 3-0: Called Strike 3-1: Called Strike 3-2: Foul Ball, location: 2F 3-2: SINGLE (Flyball, 78S, EV 90.0 MPH) Joe Nelson to second Joe Nelson to third
|
|
Pitching: RHP Eddie Georges
|
|
|
Batting: SHB Michael Woodard
|
0-0: Ball 1-0: Called Strike 1-1: Ball Wild Pitch! Joe Nelson scores Mike Storey to second 2-1: Foul Ball, location: 2F 2-2: Strikes out looking
|
| Top of the 7th over - 1 run, 2 hits, 0 errors, 1 left on base; Kelowna 4 - Roswell 6 |
| BOTTOM OF THE 7TH |
|
Roswell Invaders batting - Pitching for Kelowna Heat : RHP Newt Reid
|
|
Batting: LHB Andy Fischer
|
0-0: Called Strike 0-1: Ball 1-1: Ball 2-1: Swinging Strike 2-2: Strikes out looking
|
|
Batting: LHB Andrew Moore
|
0-0: Called Strike 0-1: Ground out 4-3 (Groundball, 4, EV 85.0 MPH)
|
|
Batting: RHB Cullen Kelley
|
0-0: SINGLE (Flyball, 6D, EV 87.5 MPH)
|
|
Batting: LHB Julio Zamora
|
0-0: Foul Ball, location: 2F 0-1: Ball 1-1: Ball 2-1: Ball 3-1: Foul Ball, location: 2F 3-2: Strikes out swinging, 2-3 out at first.
|
| Bottom of the 7th over - 0 runs, 1 hit, 0 errors, 1 left on base; Kelowna 4 - Roswell 6 |
| TOP OF THE 8TH |
|
Kelowna Heat batting - Pitching for Roswell Invaders : RHP Eddie Georges
|
|
Batting: LHB Alex Larangho
|
0-0: Foul Ball, location: 2F 0-1: Foul Ball, location: 2F 0-2: Foul Ball, location: 2F 0-2: Foul Ball, location: 2F 0-2: Ball 1-2: Ball 2-2: Fly out, F8 (Flyball, 8LM, EV 73.8 MPH)
|
|
Batting: RHB Joey Black
|
0-0: Swinging Strike 0-1: Ball 1-1: Ball 2-1: Called Strike 2-2: Strikes out swinging
|
|
Batting: RHB Soichi Kaneshiro
|
0-0: Ball 1-0: Foul Ball, location: 2F 1-1: Called Strike 1-2: Ball 2-2: Foul Ball, location: 2F 2-2: Ball 3-2: Fly out, F8 (Flyball, 8RD, EV 89.4 MPH)
|
| Top of the 8th over - 0 runs, 0 hits, 0 errors, 0 left on base; Kelowna 4 - Roswell 6 |
| BOTTOM OF THE 8TH |
|
Roswell Invaders batting - Pitching for Kelowna Heat : RHP Newt Reid
|
|
Pitching: RHP Wally Dethridge
|
|
|
Batting: LHB Josh Snyder
|
0-0: Ground out 6-3 (Groundball, 6, EV 83.1 MPH)
|
|
Batting: RHB Juan Mejia
|
0-0: Called Strike 0-1: Ground out 4-3 (Groundball, 4, EV 87.5 MPH)
|
|
Batting: LHB Ivan Cortez
|
0-0: Ball 1-0: Called Strike 1-1: Ground out U3 (Groundball, 3L, EV 82.5 MPH)
|
| Bottom of the 8th over - 0 runs, 0 hits, 0 errors, 0 left on base; Kelowna 4 - Roswell 6 |
| TOP OF THE 9TH |
|
Kelowna Heat batting - Pitching for Roswell Invaders : RHP Eddie Georges
|
|
Pitching: LHP Tim Voshell
|
|
|
Now in RF: Matt Tanner
|
|
|
Pinch Hitting: RHB Jose Sanchez
|
0-0: Ball 1-0: Ball 2-0: Ball 3-0: Called Strike 3-1: Base on Balls
|
|
Batting: LHB Willy Berrios
|
0-0: Ball 1-0: Called Strike 1-1: Called Strike 1-2: Ball 2-2: Foul Ball, location: 2F 2-2: Fly out, F8 (Flyball, 8RD, EV 89.4 MPH)
|
|
Pinch Hitting: LHB Ricardo Torres
|
0-0: Foul Ball, location: 2F 0-1: Ball 1-1: Fielders Choice at 2nd, 5-4 (Groundball, 56, EV 91.2 MPH)
|
|
Pinch Hitting: RHB Jason Fink
|
0-0: Ball 1-0: Ball 2-0: Called Strike 2-1: Ground out 1-3 (Groundball, 34S, EV 69.4 MPH)
|
| Top of the 9th over - 0 runs, 0 hits, 0 errors, 1 left on base; Kelowna 4 - Roswell 6 |
|